 Dungeon Crawl Stone Soup version 0.29.1-12-g30fa7ad0bf (webtiles) character file.

Game seed: 14779799767531054627

3425 ChadusMaximus the Protected (level 9, -6/82 HPs)
             Began as a Minotaur Fighter on Dec 14, 2022.
             Was a Follower of Okawaru.
             Mangled by a slime creature (12 damage)
             ... on level 8 of the Dungeon.
             The game lasted 00:06:16 (7864 turns).

ChadusMaximus the Protected (Minotaur Fighter)      Turns: 7864, Time: 00:06:17

Health: -6/82      AC: 18    Str: 25    XL:     9   Next: 76%
Magic:  8/10       EV:  9    Int:  5    God:    Okawaru [*.....]
Gold:   482        SH:  7    Dex: 10    Spells: 8/8 levels left

rFire   . . .      SeeInvis .   C - +3 war axe (freeze)
rCold   . . .      Faith    .   c - +0 buckler
rNeg    + . .      Spirit   .   q - +0 plate armour
rPois   .          Reflect  .   (helmet restricted)
rElec   .          Harm     .   (no cloak)
rCorr   .          Rampage  .   k - +0 pair of gloves
Will    +....                   (no boots)
Stlth   ..........              (no amulet)
HPRegen 0.23/turn               l - ring of willpower
MPRegen 0.12/turn               m - ring of positive energy

@: heroic
A: horns 2, retaliatory headbutt
a: Renounce Religion, Heroism


You were on level 8 of the Dungeon.
You worshipped Okawaru.
Okawaru was aware of your devotion.
You visited 2 branches of the dungeon, and saw 9 of its levels.

You collected 482 gold pieces.

Inventory:

Hand Weapons
 a - a +0 war axe
 B - a +4 war axe
 C - a +3 war axe of freezing (weapon)
Missiles
 A - a throwing net (quivered)
Armour
 b - a +0 scale mail
 c - a +0 buckler (worn)
 k - a +0 pair of gloves (worn)
 q - a +0 plate armour (worn)
Jewellery
 l - a ring of willpower (left hand)
 m - a ring of positive energy (right hand)
 n - a ring of willpower
 v - a ring of positive energy
Wands
 t - a wand of flame (22)
 w - a wand of iceblast (12)
 y - a wand of paralysis (6)
 F - a wand of mindburst (9)
Scrolls
 e - 3 scrolls of immolation {unknown}
 h - 3 scrolls of identify {unknown}
 i - a scroll of acquirement {unknown}
 j - 6 scrolls of teleportation {unknown}
 o - a scroll of torment {unknown}
 r - 2 scrolls of vulnerability {unknown}
 z - a scroll of amnesia {unknown}
 E - 2 scrolls of summoning {unknown}
 G - a scroll of enchant armour {unknown}
Potions
 d - 3 potions of might
 f - a potion of magic {unknown}
 g - 2 potions of heal wounds {unknown}
 p - a potion of attraction {unknown}
 s - 2 potions of haste
 u - a potion of mutation {unknown}
 x - 3 potions of curing {unknown}
 D - a potion of resistance {unknown}


   Skills:
 + Level 8.7(13.7) Fighting
 + Level 8.6(13.6) Axes
 + Level 9.0(14.0) Armour
 - Level 1.1(6.1) Dodging
 - Level 0.5(5.5) Stealth
 + Level 8.6(13.6) Shields
 * Level 3.1 Invocations


You had 8 spell levels left.
You didn't know any spells.
Your spell library contained the following spells:

 Spells                   Type           Power      Damage    Failure   Level
 Necrotise                Necr           0%         1d4       99%         1
 Ensorcelled Hibernation  Hex/Ice        0%         N/A       100%        2
 Passwall                 Tmut/Erth      0%         N/A       100%        2
 Gell's Gravitas          Tloc           0%         N/A       100%        3
 Lesser Beckoning         Tloc           0%         N/A       100%        3
 Swiftness                Air            0%         N/A       100%        3
 Teleport Other           Tloc           0%         N/A       100%        3
 Vampiric Draining        Necr           0%         2d6       100%        3
 Agony                    Necr           0%         N/A       100%        5
 Summon Forest            Summ/Tloc      Unusable   N/A       N/A         5
 Summon Mana Viper        Hex/Summ       Unusable   N/A       N/A         5
 Summon Cactus Giant      Summ           Unusable   N/A       N/A         6

Dungeon Overview and Level Annotations

Branches:
Dungeon (8/15)             Temple (1/1) D:6
   Lair: D:8-11

Altars:
Fedhas
Hepliaklqana
Okawaru
Vehumet
Wu Jian
Xom

Annotations:
D:3 2 runed translucent doors, Quickbrownfox's ghost, amateur DsIE


Innate Abilities, Weirdness & Mutations

You have a pair of horns on your head.
You reflexively headbutt those who attack you in melee.


Message History

There are monsters nearby!
You hit the boulder beetle but do no damage.
The boulder beetle bites you!!
Unknown command.
You gain the combat prowess of a mighty hero.
The slime creature barely misses you. The boulder beetle bites you!
You hit the boulder beetle. You freeze the boulder beetle.
The boulder beetle is lightly wounded.
You completely miss the slime creature. The slime creature closely misses you.
You block the boulder beetle's attack.
You hit the boulder beetle but do no damage.
Your headbutt misses the boulder beetle.
The boulder beetle is lightly wounded.
You slice the slime creature!! You freeze the slime creature.
You block the slime creature's attack. You block the boulder beetle's attack.
You hit the boulder beetle. You freeze the boulder beetle.
The boulder beetle is lightly wounded.
You slash the slime creature! You freeze the slime creature.
You slash the boulder beetle! You freeze the boulder beetle.
You headbutt the boulder beetle, but do no damage.
The boulder beetle is moderately wounded.
You hit the slime creature. You freeze the slime creature.
The slime creature hits you but does no damage.
The boulder beetle bites you but does no damage.
You hit the boulder beetle. You freeze the boulder beetle.
Your headbutt misses the boulder beetle.
The boulder beetle is moderately wounded.
You hit the slime creature. You freeze the slime creature.
The slime creature hits you. The boulder beetle bites you!
* * * LOW HITPOINT WARNING * * *
You hit the boulder beetle but do no damage.
The boulder beetle is moderately wounded.
You hit the slime creature. You freeze the slime creature.
You block the slime creature's attack. The boulder beetle bites you!
* * * LOW HITPOINT WARNING * * *
You slash the boulder beetle! You freeze the boulder beetle.
The boulder beetle is heavily wounded.
You hit the slime creature. You freeze the slime creature.
The slime creature hits you!
You die...

#..###.# # ## #...##.#
.## ... #....#.#####....
...######......<...).#
.............#..##......
................##.#####
...........###..##.#
................##.#
......J@#..####.##.#
......B.#.## #.##.#
........#.# #.##.#
........#.# #.#
.......=#.# .#
...######.# .# ... ..#
#. ..#


You could see a boulder beetle and a slime creature.

Vanquished Creatures
  2 steam dragons
  3 water moccasins
  An orc warrior (D:7)
  2 ogres
  A centaur (D:7)
  A phantom (D:6)
  A gnoll sergeant (D:6)
  3 bullfrogs
  4 necrophages
  2 scorpions
  13 wights (D:6)
  2 howler monkeys
  A centaur zombie (D:6)
  4 hounds
  A wyvern simulacrum (D:6)
  A jelly (D:4)
  4 iguanas
  4 orc priests (D:7)
  A gnoll bouda (D:5)
  6 orc wizards
  Ijyb (D:5)
  Natasha (thrice) (D:2)
  17 gnolls
  6 adders
  3 white imps
  A howler monkey simulacrum (D:6)
  3 worms (D:2)
  3 dart slugs
  30 orcs
  6 ball pythons
  4 giant cockroaches
  10 goblins
  9 hobgoblins
  3 kobolds
  A quokka (D:1)
  5 bats
  3 frilled lizards (D:1)
  6 rats
171 creatures vanquished.

Vanquished Creatures (others)
  An adder (D:6)
  20 withered plants (D:6)
21 creatures vanquished.

Grand Total: 192 creatures vanquished

Notes
Turn   | Place    | Note
-------+----------+-------------------------------------------
     0 | D:1      | ChadusMaximus the Minotaur Fighter began the quest for the
                  | Orb.
     0 | D:1      | Reached XP level 1. HP: 19/19 MP: 0/0
   200 | D:1      | Reached XP level 2. HP: 27/27 MP: 1/1
   395 | D:1      | Reached skill level 4 in Armour
   903 | D:2      | Reached XP level 3. HP: 11/33 MP: 2/2
  1169 | D:2      | Noticed Natasha
  1177 | D:2      | Killed Natasha
  1193 | D:2      | Noticed Natasha
  1476 | D:2      | Killed Natasha
  1477 | D:2      | Reached XP level 4. HP: 24/41 MP: 3/3
  1720 | D:2      | Found a hazy altar of Hepliaklqana.
  1801 | D:2      | Noticed Natasha
  1806 | D:2      | Killed Natasha
  2206 | D:3      | Found a large runed translucent door.
  2208 | D:3      | Found a large runed translucent door.
  2210 | D:3      | Noticed Quickbrownfox's ghost (amateur DsIE)
  2421 | D:3      | Found a radiant altar of Vehumet.
  2724 | D:4      | Noticed a bullfrog
  2727 | D:4      | Killed a bullfrog
  2728 | D:4      | Reached skill level 5 in Armour
  2728 | D:4      | Reached skill level 1 in Dodging
  2728 | D:4      | Reached XP level 5. HP: 43/47 MP: 4/4
  2887 | D:4      | Reached XP level 6. HP: 53/55 MP: 5/5
  2892 | D:4      | Reached skill level 5 in Fighting
  3200 | D:4      | Reached skill level 5 in Axes
  3604 | D:4      | Reached skill level 5 in Shields
  3805 | D:5      | Entered Level 5 of the Dungeon
  3828 | D:5      | Reached XP level 7. HP: 60/61 MP: 6/6
  3840 | D:5      | Noticed Ijyb
  3881 | D:4      | Reached skill level 6 in Armour
  4088 | D:5      | Killed Ijyb
  4571 | D:5      | Found a blossoming altar of Fedhas.
  4906 | D:6      | Reached XP level 8. HP: 56/71 MP: 7/7
  4917 | D:6      | Reached skill level 7 in Armour
  5941 | D:6      | Reached skill level 8 in Armour
  5946 | D:6      | Reached XP level 9. HP: 64/80 MP: 8/8
  6286 | D:6      | Found a staircase to the Ecumenical Temple.
  6385 | Temple   | Entered the Ecumenical Temple
  6424 | Temple   | Became a worshipper of Warmaster Okawaru
  6569 | D:6      | Found the +4 dagger "Morg" {pain, Will+ Int+5}
  6726 | D:7      | Reached skill level 1 in Invocations
  6955 | D:7      | Reached * piety under Okawaru
  7052 | D:7      | Found an ornate altar of the Wu Jian Council.
  7133 | D:7      | Reached skill level 9 in Armour
  7854 | D:8      | Noticed a boulder beetle
  7864 | D:8      | Mangled by a slime creature

Illustrated notes

Levels and vault maps discovered:
D:1:      saegor_arrival_miasma, layout_basic
D:2:      layout_rooms, basic_altar, hex_intersection, uniq_natasha
D:3:      layout_loops_ring, mainiacjoe_overflow_chevrons,
          ebering_ghost_disaster_area
D:4:      cheibrodos_greedy_goblins, layout_cave_pods, fountainhead,
          minmay_small_thing
D:5:      layout_loops_cross, fedhas_altar_fruit_tree, abandoned_shop, uniq_ijyb
D:6:      layout_loops_ring, minmay_temple_entry_large_hall, st_stairs_4,
          dilly_guarded_unrand_morg
D:7:      layout_basic, mainiacjoe_overflow_alcove_2
D:8:      minmay_cut_squares, layout_loops_ring, grunt_qazlal_sundering,
          nrook_loot_triangle, uniq_joseph
Temple:   bh_familiar_temple

Skill      XL: |  1  2  3  4  5  6  7  8  9 |
---------------+----------------------------+-----
Armour         | 4 5 6 8 9 |  9.0
Fighting       | 4 5 6 7 8 |  8.7
Shields        | 4 5 6 7 8 |  8.6
Axes           | 3 4 5 6 7 8 |  8.6
Dodging        | 1 |  1.1
Invocations    | 3 |  3.1
Stealth        | |  0.5

Action                   |  1- 3 |  4- 6 |  7- 9 || total
-------------------------+-------+-------+-------++-------
Melee: War axe           |    65 |    99 |   283 ||   447
       Headbutt          |    17 |    15 |    51 ||    83
Invok: Heroism           |       |       |     1 ||     1
Armor: Scale mail        |    26 |    32 |       ||    58
       Plate armour      |       |    39 |   161 ||   200
Dodge: Dodged            |    26 |    42 |    78 ||   146
Block: Buckler           |    18 |    28 |    83 ||   129
